 Dungeon Crawl Stone Soup version 0.17.1-3-g152610e (webtiles) character file.

383 WarriorsX the Magician (level 7, -1/46 HPs)
             Began as a Human Venom Mage on Mar 5, 2016.
             Was an Initiate of Yredelemnul.
             Slain by a hound (4 damage)
             ... on level 4 of the Dungeon.
             The game lasted 00:22:07 (5811 turns).

WarriorsX the Magician (Human Venom Mage)           Turns: 5811, Time: 00:22:07

Health: -1/46      AC:  3    Str:  8    XL:     7   Next: 5%
Magic:  15/15      EV: 12    Int: 17    God:    Yredelemnul [......]
Gold:   230        SH:  0    Dex: 14    Spells: 3 memorised, 9 levels left

rFire  . . .     SeeInvis .       - Unarmed
rCold  . . .     Clarity  .     a - +0 robe
rNeg   . . .     SustAt   .     (no shield)
rPois  .         Gourm    .     v - +0 helmet
rElec  .         Spirit   .     (no cloak)
rCorr  .         Warding  .     (no gloves)
rMut   .         Stasis   .     (no boots)
MR     .....                    (no amulet)
Stlth  ++........               (no ring)
                                (no ring)

@: not resistant to hostile enchantments, unstealthy
A: no striking features
a: Renounce Religion


You were on level 4 of the Dungeon.
You worshipped Yredelemnul.
Yredelemnul was noncommittal.
You were not hungry.

You visited 2 branches of the dungeon, and saw 5 of its levels.

You collected 230 gold pieces.

Inventory:

Hand Weapons
 r - a cursed -1 spear
Armour
 a - a +0 robe (worn)
 m - a +0 helmet
 q - a +0 leather armour of cold resistance
 v - a +0 helmet (worn)
Jewellery
 i - an uncursed amulet of stasis
 k - an uncursed ring of wizardry {unknown}
 l - a +5 ring of evasion {unknown}
Wands
 s - a wand of slowing (27)
Scrolls
 d - a scroll of identify
 e - 2 scrolls of fog {unknown}
 f - a scroll of enchant armour {unknown}
 n - a scroll of random uselessness {unknown}
 o - 5 scrolls of enchant weapon {unknown}
 p - a scroll of teleportation
 u - a scroll of noise {unknown}
Potions
 h - a potion of flight
 t - a potion of agility {unknown}
Books
 b - a Young Poisoner's Handbook

   Spells                             Type                      Level
   a - Sting                          Conjuration/Poison           1
   b - Cure Poison                    Poison                       2
   c - Mephitic Cloud                 Conjuration/Poison/Air       3
   d - Olgreb's Toxic Radiance        Poison                       4
   e - Venom Bolt                     Conjuration/Poison           5
Comestibles
 c - 6 bread rations
 g - a chunk of flesh


   Skills:
 - Level 2.0 Dodging
 - Level 2.0 Stealth
 - Level 1.0 Unarmed Combat
 + Level 5.4 Spellcasting
 - Level 1.0 Conjurations
 - Level 5.0 Poison Magic


You had 9 spell levels left.
You knew the following spells:

 Your Spells              Type           Power        Failure   Level  Hunger
a - Sting                 Conj/Pois      ##..         4%          1    None
b - Olgreb's Toxic Radia  Pois           ###.....     21%         4    ####...
c - Cure Poison           Pois           ###.......   2%          2    #......


Dungeon Overview and Level Annotations

Branches:
Dungeon (4/15)             Temple (1/1) D:4

Altars:
Ashenzari
Cheibriados
Dithmenos
Fedhas
Gozag
Makhleb
Okawaru
Qazlal
Ru
Sif Muna
Trog
Xom
Yredelemnul
Zin
The Shining One


Message History

There is an open door here.
The hound stops to sniff the ground.
The hound misses you. The hound closely misses you. The hound bites you.
The hound bites you.
You see here a leather armour.
The hound closely misses you. The hound barely misses you.
The hound closely misses you. The hound completely misses you.
The hound bites you but does no damage. The ice beast hits you.
The ice beast freezes you!
* * * LOW HITPOINT WARNING * * *
The hound bites you but does no damage. The ice beast misses you.
The hound closely misses you. The hound bites you.
You die...
Your body rises from the dead as a mindless zombie.

### #.....# #..... ..#
#.....###..... ..# #......##.....
..# #####.##......##..... ..#
#.....##......##..... ..#
####.######......##.....
..########.......<...####..(....)
..'...................#########'#
..########.##...@..#..........#.#
.#########.##..h##.#.#.######.#.#
...............Y.................
.....#####.##....#...#.#.#..#.##.
.###.# #.#.....#.###.###.##.##.
.#...#####.#.#................##.
...........#.....#.###.##......#.
....##########..........#......+.
....#####............[.........#.


You could see an ice beast and a hound.

Vanquished Creatures
  2 ogres
  A scorpion (D:3)
  A hound (D:4)
  A worker ant (D:4)
  5 adders
  An ooze (D:2)
  A worm (D:2)
  2 giant geckos
  3 orcs (D:3)
  2 giant cockroaches
  7 goblins
  8 hobgoblins
  A quokka (D:2)
  A ball python (D:2)
  4 bats
  4 giant newts
  A jackal skeleton (D:4)
  10 kobolds
  16 rats
71 creatures vanquished.

Notes
Turn   | Place    | Note
--------------------------------------------------------------
     0 | D:1      | WarriorsX the Human Venom Mage began the quest for the Orb.
     0 | D:1      | Reached XP level 1. HP: 13/13 MP: 3/3
   369 | D:1      | Reached XP level 2. HP: 19/19 MP: 0/5
  1244 | D:2      | Reached XP level 3. HP: 21/24 MP: 3/6
  1616 | D:2      | Reached skill level 1 in Conjurations
  1616 | D:2      | Reached skill level 5 in Poison Magic
  1867 | D:2      | Found a stormy altar of Qazlal.
  1948 | D:2      | Reached XP level 4. HP: 25/30 MP: 0/7
  2897 | D:2      | Learned a level 4 spell: Olgreb's Toxic Radiance
  3486 | D:3      | Found a burning altar of Makhleb.
  3510 | D:3      | Learned a level 2 spell: Cure Poison
  3527 | D:3      | Noticed an ogre
  3828 | D:3      | Found a snail-covered altar of Cheibriados.
  3955 | D:3      | Killed an ogre
  3955 | D:3      | Reached skill level 1 in Unarmed Combat
  3955 | D:3      | Reached XP level 5. HP: 26/35 MP: 3/10
  4204 | D:3      | Reached XP level 6. HP: 41/41 MP: 8/12
  4871 | D:4      | Found a staircase to the Ecumenical Temple.
  4937 | Temple   | Entered the Ecumenical Temple
  5134 | Temple   | Became a worshipper of Yredelemnul the Dark
  5225 | D:4      | HP: 1/41 [ogre/giant spiked club (9)]
  5229 | D:4      | Reached skill level 5 in Spellcasting
  5229 | D:4      | Reached XP level 7. HP: 2/46 MP: 5/15
  5715 | D:4      | Noticed an ice beast
  5806 | D:4      | HP: 2/46 [ice beast (14)]
  5811 | D:4      | Slain by a hound

Action                   |  1- 3 |  4- 6 |  7- 9 || total
-------------------------+-------+-------+-------++-------
Melee: Unarmed           |     1 |    40 |     4 ||    45
 Cast: Sting             |    70 |   111 |     7 ||   188
       Olgreb's Toxic Ra |       |     4 |     1 ||     5
       Cure Poison       |       |     3 |       ||     3
  Use: Scroll            |     5 |     2 |       ||     7
       Potion            |     1 |       |       ||     1
  Eat: Chunk             |     4 |     6 |       ||    10
       Fruit             |       |     5 |       ||     5
       Meat ration       |       |       |     1 ||     1
